 Dungeon Crawl Stone Soup version 0.21.0-25-ge575cb9 (webtiles) character file.

1430 Mgcat the Ruffian (level 8, -2/59 HPs)
             Began as a Red Draconian Transmuter on Jan 23, 2018.
             Was a Follower of Okawaru.
             Killed by divine providence
             ... invoked by an orc priest
              (12 damage)
             ... on level 4 of the Dungeon.
             The game lasted 00:13:50 (6717 turns).

Mgcat the Ruffian (Red Draconian Transmuter)        Turns: 6717, Time: 00:13:51

Health: -2/59      AC:  7    Str: 13    XL:     8   Next: 45%
Magic:  15/15      EV: 12    Int: 16    God:    Okawaru [*.....]
Gold:   206        SH:  0    Dex: 11    Spells: 11/17 levels left

rFire    + . .     SeeInvis .   k - +1 falchion (elec)
rCold    . . .     Gourm    .   (no shield)
rNeg     . . .     Faith    .   (armour unavailable)
rPois    .         Spirit   .   (helmet restricted)
rElec    .         Reflect  .   (no cloak)
rCorr    .         Harm     .   r - +0 pair of gloves
MR       .....                  (no boots)
Stlth    +.........             (no amulet)
HPRegen  0.19/turn              (no ring)
MPRegen  0.14/turn              (no ring)

@: short of breath
A: breathe fire, unfitting armour, fire resistance 1, cold-blooded, AC +6
a: Breathe Fire, Heroism, Renounce Religion


You were on level 4 of the Dungeon.
You worshipped Okawaru.
Okawaru was aware of your devotion.
You were not hungry.

You visited 2 branches of the dungeon, and saw 6 of its levels.

You collected 206 gold pieces.

Inventory:

Hand Weapons
 j - a +0 hunting sling
 k - a +1 falchion of electrocution (weapon)
 s - a +0 whip of venom
Missiles
 a - 109 arrows
 f - 147 stones (quivered)
 h - 41 sling bullets
Armour
 r - a +0 pair of gloves (worn)
Jewellery
 d - a +5 ring of intelligence {unknown}
 t - a +2 ring of protection {unknown}
Wands
 n - a wand of iceblast (3)
Scrolls
 e - 4 scrolls of identify
 g - a scroll of amnesia {unknown}
 i - a scroll of fog {unknown}
 l - a scroll of teleportation
Potions
 m - a potion of lignification {unknown}
 o - a potion of magic {unknown}
 q - a potion of haste
 v - a potion of cancellation {unknown}
Books
 b - a book of Changes

   Spells                             Type                      Level
   a - Beastly Appendage              Transmutation                1
   b - Sticks to Snakes               Transmutation                2
   c - Spider Form                    Transmutation/Poison         3
   d - Ice Form                       Ice/Transmutation            4
   e - Blade Hands                    Transmutation                5
Comestibles
 c - 9 rations
 u - a chunk of flesh


   Skills:
 - Level 1.1 Fighting
 - Level 1.1 Slings
 - Level 1.7 Dodging
 - Level 6.1 Unarmed Combat
 + Level 5.0 Spellcasting
 + Level 5.4 Transmutations
 + Level 4.9 Poison Magic


You had 11 spell levels left.
You knew the following spells:

 Your Spells              Type           Power        Failure   Level  Hunger
a - Beastly Appendage     Tmut           ###...       1%          1    None
b - Sticks to Snakes      Tmut           ###.....     2%          2    #......
c - Spider Form           Tmut/Pois      ###.......   5%          3    ###....


Dungeon Overview and Level Annotations

Branches:
Dungeon (5/15)             Temple (1/1) D:5

Altars:
Ashenzari
Cheibriados
Dithmenos
Elyvilon
Fedhas
Gozag
Kikubaaqudgha
Okawaru
Qazlal
Ru
Sif Muna
Trog
Uskayaw
Yredelemnul
Zin


Innate Abilities, Weirdness & Mutations

You can breathe blasts of fire.
Your fiery red scales are hard. (AC +6)
You cannot fit into any form of body armour.
Your flesh is heat resistant. (rF+)
You are cold-blooded and may be slowed by cold attacks.


Message History

Your horns disappear.
The orc priest shouts!
The orc barely misses you.
You riposte.
You closely miss the orc.
Your tail-slap misses the orc.
The orc is heavily wounded.
Unknown command.
Unknown command.
Unknown command.
Unknown command.
The orc priest calls upon Beogh to heal the orc.
The orc's wounds heal themselves!
Unknown command.
Unknown command.
Unknown command.
You slash the orc!
You kill the orc!
Okawaru accepts your kill.
The orc priest calls down the wrath of Beogh upon you.
Beogh smites you!
You die...

..............#.###.#
.............o#..##.#
..............##'##.###
.......#######........#########
.......# #.)..............#
.......# #........#######.#
.......# #........# #.# .......#
#.o......# #.# ########
#..@.....# #.# # #........# #.# #
#........# #.# # #........# #.#
######## ##########..#######.###
.......####.# #.>...........
............#########)#######.#.#
..............................#)#
.......####.#########.#########.#


You could see 2 orc priests.

Vanquished Creatures
  Eustachio (D:4)
  Sigmund (D:2)
  Edmund (D:4)
  A sky beast (D:5)
  A centaur (D:5)
  Blork the orc (D:4)
  The ghost of matthes123 the Skirmisher, a weakling MiFi (D:3)
  4 scorpions
  A howler monkey (D:4)
  A centaur zombie (D:5)
  A bullfrog zombie (D:5)
  A hound (D:5)
  2 orc priests
  Jessica (D:3)
  An orc wizard (D:5)
  Terence (D:3)
  Robin (D:3)
  8 gnolls
  7 adders
  A shadow imp (D:5)
  An ooze (D:1)
  3 dart slugs
  A worm (D:3)
  3 leopard geckos
  15 orcs
  6 giant cockroaches
  8 hobgoblins
  10 jackals
  6 kobolds
  3 quokkas
  2 ball pythons
  9 bats
  2 frilled lizards (D:1)
  20 goblins
  A leopard gecko zombie (D:5)
  4 rats
131 creatures vanquished.

Notes
Turn   | Place    | Note
-------+----------+-------------------------------------------
     0 | D:1      | Mgcat the Draconian Transmuter began the quest for the Orb.
     0 | D:1      | Reached XP level 1. HP: 16/16 MP: 3/3
   252 | D:1      | Reached XP level 2. HP: 22/23 MP: 5/5
   526 | D:1      | You fall through a shaft!
   769 | D:1      | Reached skill level 4 in Unarmed Combat
   905 | D:1      | Reached XP level 3. HP: 28/28 MP: 6/6
  1467 | D:2      | Reached skill level 1 in Slings
  1538 | D:2      | Found a hide-covered altar of Uskayaw.
  1690 | D:2      | Noticed Sigmund
  1703 | D:2      | Killed Sigmund
  1703 | D:2      | Reached skill level 6 in Unarmed Combat
  1703 | D:2      | Reached XP level 4. HP: 18/35 MP: 7/7
  1703 | D:2      | Reached XP level 5. HP: 20/40 MP: 8/8
  1707 | D:2      | Learned a level 2 spell: Sticks to Snakes
  1711 | D:2      | Learned a level 3 spell: Spider Form
  2671 | D:3      | Noticed Jessica
  2685 | D:3      | Killed Jessica
  2685 | D:3      | Reached skill level 1 in Poison Magic
  2685 | D:3      | Reached XP level 6. HP: 45/47 MP: 9/9
  2770 | D:3      | Noticed Terence
  2783 | D:3      | Killed Terence
  2881 | D:3      | Noticed Robin
  2901 | D:3      | Killed Robin
  3096 | D:3      | Noticed matthes123's ghost (weakling MiFi)
  3103 | D:3      | Killed matthes123's ghost
  3634 | D:4      | Noticed Eustachio
  3931 | D:5      | Entered Level 5 of the Dungeon
  4022 | D:5      | Found a basalt altar of Yredelemnul.
  4074 | D:5      | Your scales start taking on a fiery red colour.
  4074 | D:5      | Reached XP level 7. HP: 25/52 MP: 11/11
  4074 | D:5      | Gained mutation: Your flesh is heat resistant. (rF+) [Red Draconian growth]
  4859 | D:5      | Found a staircase to the Ecumenical Temple.
  4902 | Temple   | Entered the Ecumenical Temple
  4910 | Temple   | Became a worshipper of Warmaster Okawaru
  5220 | D:4      | Noticed Blork the orc
  5573 | D:4      | Noticed Edmund
  5593 | D:4      | Killed Edmund
  5593 | D:4      | Reached XP level 8. HP: 28/59 MP: 14/14
  6119 | D:4      | Reached skill level 5 in Transmutations
  6579 | D:4      | Killed Blork the orc
  6579 | D:4      | Reached * piety under Okawaru
  6710 | D:4      | Killed Eustachio
  6710 | D:4      | Reached skill level 5 in Spellcasting
  6717 | D:4      | Killed from afar by an orc priest

Skill      XL: |  1  2  3  4  5  6  7  8 |
---------------+-------------------------+-----
Unarmed Combat | 4 6 |  6.1
Slings         | 1 |  1.1
Poison Magic   | 1 2 4 |  4.9
Transmutations | 3 4 5 |  5.4
Spellcasting   | 3 4 5 |  5.0
Fighting       | |  1.1
Dodging        | |  1.7

Action                   |  1- 3 |  4- 6 |  7- 9 || total
-------------------------+-------+-------+-------++-------
Melee: Unarmed           |    40 |       |       ||    40
       Tailslap          |     6 |    15 |    17 ||    38
       Punch             |     2 |     5 |     3 ||    10
       Falchion          |    31 |   173 |   146 ||   350
       Kick              |     2 |     1 |     6 ||     9
       Headbutt          |       |     4 |     4 ||     8
 Fire: Hunting sling     |    62 |       |       ||    62
 Cast: Beastly Appendage |     1 |     4 |     5 ||    10
Invok: Heroism           |       |       |     1 ||     1
 Abil: Breathe Fire      |       |       |     3 ||     3
  Use: Scroll            |       |     6 |     2 ||     8
       Potion            |       |     2 |     2 ||     4
 Stab: Sleeping          |       |     1 |     1 ||     2
  Eat: Chunk             |     2 |     8 |     6 ||    16
       Ration            |       |       |     1 ||     1
Armor: Skin              |    27 |    86 |    87 ||   200
Dodge: Dodged            |    65 |   167 |   129 ||   361
       Rpst.: Falchion   |     9 |    44 |    32 ||    85
